 Dungeon Crawl Stone Soup version 0.31-a0-636-ge1c0e020e0 (webtiles) character file.

Game seed: 11279741709905224011

973 rvierbuc the Conjurer (level 7, -6/46 (48) HPs)
             Began as a Demonspawn Conjurer on Aug 26, 2023.
             Mangled by a wight
             ... wielding a +0 morningstar
              (9 damage)
             ... on level 5 of the Dungeon.
             The game lasted 00:09:31 (4723 turns).

rvierbuc the Conjurer (Demonspawn Conjurer)         Turns: 4723, Time: 00:09:32

HP:   -6/46 (48)    AC:  8    Str:  7    XL:     7   Next: 94%
MP:   15/15         EV:  0    Int: 20    God:
Gold: 337           SH: 11    Dex: 19    Spells: 10/16 levels left

rFire   . . .        x - +2 short sword (venom)
rCold   . . .        d - +2 kite shield
rNeg    . . .        y - +0 chain mail of Noughts and Crosses {Contam Fly Dex+6 SInv}
rPois   .            (no helmet)
rElec   .            (no cloak)
rCorr   .            (no gloves)
SInv    +            (no boots)
Will    .....        (no amulet) Stlth
                     (no ring)
HPRegen 0.27/turn    (no ring)
MPRegen 0.14/turn

%: no passive effects
@: flying, lightly drained
A: demonic guardian 1, spiny 2
a: no special abilities


You were on level 5 of the Dungeon.
You visited 1 branch of the dungeon, and saw 5 of its levels.

You collected 337 gold pieces.

Inventory:

Hand Weapons
 i - a +0 rapier
 x - a +2 short sword of venom (weapon)
Armour
 a - a +0 robe
 d - a +2 kite shield (worn)
 y - the +0 chain mail of Noughts and Crosses (worn) {Contam Fly Dex+6 SInv}
   (You found it on level 4 of the Dungeon)

   Dex+6:     It affects your dexterity (+6).
   SInv:      It lets you see invisible.
   Fly:       It grants you flight.
   Contam:    It causes magical contamination when unequipped.
Jewellery
 e - a +6 ring of dexterity
 o - an amulet of guardian spirit
Talismans
 q - a maw talisman
Wands
 s - a wand of iceblast (5)
Scrolls
 c - 5 scrolls of identify {unknown}
 f - a scroll of brand weapon {unknown}
 h - 2 scrolls of amnesia {unknown}
 k - 2 scrolls of immolation {unknown}
 m - 2 scrolls of teleportation {unknown}
 p - a scroll of vulnerability {unknown}
 t - a scroll of enchant armour {unknown}
 w - a scroll of fear {unknown}
 z - a scroll of enchant weapon {unknown}
Potions
 b - a potion of magic
 g - 3 potions of curing
 j - 2 potions of berserk rage {unknown}
 l - 2 potions of invisibility {unknown}
 n - 3 potions of degeneration {unknown}
 r - a potion of attraction {unknown}
 u - 2 potions of mutation {unknown}
 v - a potion of enlightenment {unknown}
 A - a potion of heal wounds {unknown}
 B - a potion of haste {unknown}


   Skills:
 + Level 1.4 Fighting
 + Level 1.2 Short Blades
 + Level 1.0 Armour
 + Level 2.4 Dodging
 + Level 2.9 Stealth
 + Level 0.9 Shields
 + Level 5.4 Spellcasting
 + Level 6.9 Conjurations


You had 10 spell levels left.
You knew the following spells:

 Your Spells              Type           Power      Damage    Failure   Level
a - Magic Dart            Conj           100%       1d8       100%        1
b - Searing Ray           Conj           66%        2d6       100%        2
c - Mephitic Cloud        Conj/Pois/Air  14%        N/A       100%        3

Your spell library contained the following spells:

 Spells                   Type           Power      Damage    Failure   Level
 Poisonous Vapours        Pois/Air       10%        N/A       100%        2
 Dazzling Flash           Conj/Hex       38%        N/A       100%        3
 Cause Fear               Hex            2%         N/A       100%        4
 Fulminant Prism          Conj/Hex       9%         3d7       100%        4
 Iskenderun's Mystic Bla  Conj/Tloc      19%        2d6       100%        4
 Fireball                 Conj/Fire      9%         3d6       100%        5
 Freezing Cloud           Conj/Ice/Air   7%         6-21      100%        5
 Dragon's Call            Summ           2%         N/A       100%        9


Dungeon Overview and Level Annotations

Branches:
Dungeon (5/15)             Temple (0/1) D:5

Altars:
Vehumet
Xom


Innate Abilities, Weirdness & Mutations

A weak demonic guardian rushes to your aid.
You are mostly covered in sharp spines.


Message History

Your iron imp hits the wight but does no damage.
You hit the wight.
The wight is almost destroyed.
You block the wight's attack.
Your iron imp hits the wight!
You completely miss the wight.
The wight is almost destroyed.
The wight hits you but does no damage.
Your iron imp completely misses the wight.
You hit the wight.
You destroy the wight!
Your iron imp closely misses the wight.
Your Short Blades skill increases to level 1!
You hit the wight.
The wight is almost destroyed.
The wight is struck by your spines.
You destroy the wight!
You block the wight's attack.
The wight hits you with a +0 morningstar.
* * * LOW HITPOINT WARNING * * *
A demonic guardian appears!
You feel drained.
Your iron imp hits the wight!
You swap places.
Your iron imp hits the wight!
The wight is destroyed!
The wight closely misses your shadow imp.
Your shadow imp hits the wight but does no damage.
Your Armour skill increases to level 1!
The wight misses your shadow imp.
Your shadow imp hits the wight but does no damage.
The wight misses your shadow imp.
Your shadow imp closely misses the wight.
The wight hits your shadow imp with a +0 morningstar!
Your shadow imp dies!
Your shadow imp disappears in a puff of smoke!
Your iron imp closely misses the wight.
The wight attacks as it pursues you!
The wight hits you with a +0 morningstar.
* * * LOW HITPOINT WARNING * * *
A demonic guardian appears!
The wight attacks as it pursues you!
The wight hits you with a +0 morningstar!
You die...

#..................#
#.......†..........#
#..................#
#..................####
#........#.###......... ..
#........#.###.#......[
.:..###............###.####
.... #.##.###.###.###.####
....###.##@# #...[.........
........##z###.###.........
.........5..........>......
####...##5###.###.....####
#.####...##.# .# #..#..####
.........##)###.# #..#......
#.##..)...))....###..#..####
....................##......
..##.#...##......##.##..###.


You could see a wight (ally target) and 2 friendly iron imps.

Vanquished Creatures
  4 scorpions
  3 wights (D:5)
  3 killer bees (D:4)
  A jelly (D:4)
  4 hounds
  An iguana (D:5)
  11 adders
  An ufetubus (D:5)
  2 worms
  6 dart slugs
  3 orcs
  13 ball pythons
  14 endoplasms
  2 giant cockroaches (D:4)
  6 goblins
  8 hobgoblins
  14 jackals
  3 quokkas
  3 bats
  A frilled lizard (D:2)
  7 kobolds
  10 rats
120 creatures vanquished.

Vanquished Creatures (collateral kills)
  A wight (D:5)
1 creature vanquished.

Grand Total: 121 creatures vanquished

Notes
Turn   | Place    | Note
-------+----------+-------------------------------------------
     0 | D:1      | rvierbuc the Demonspawn Conjurer began the quest for the
                  | Orb.
     0 | D:1      | Reached XP level 1. HP: 13/13 MP: 3/3
   282 | D:1      | Gained mutation: You are partially covered in sharp spines.
                  | [demonic ancestry]
   282 | D:1      | Reached XP level 2. HP: 19/19 MP: 3/5
  1012 | D:2      | Gained mutation: A weak demonic guardian rushes to your
                  | aid. [demonic ancestry]
  1012 | D:2      | Reached XP level 3. HP: 24/24 MP: 2/6
  1324 | D:2      | Reached skill level 5 in Conjurations
  1381 | D:2      | Gained mutation: You are mostly covered in sharp spines.
                  | [demonic ancestry]
  1381 | D:2      | Reached XP level 4. HP: 26/30 MP: 2/7
  2100 | D:3      | Learned a level 2 spell: Searing Ray
  2104 | D:3      | Learned a level 3 spell: Mephitic Cloud
  2133 | D:3      | Found a radiant altar of Vehumet.
  2177 | D:3      | Reached XP level 5. HP: 35/35 MP: 6/9
  2424 | D:3      | Found a faded altar of an unknown god.
  3119 | D:4      | Found a shimmering altar of Xom.
  3309 | D:4      | Reached XP level 6. HP: 41/41 MP: 0/12
  3472 | D:4      | Identified the +0 chain mail of Noughts and Crosses {Contam
                  | Fly Dex+6 SInv}
  3627 | D:4      | Reached skill level 6 in Conjurations
  3885 | D:4      | Reached XP level 7. HP: 44/46 MP: 6/14
  4440 | D:5      | Entered Level 5 of the Dungeon
  4475 | D:5      | Found a staircase to the Ecumenical Temple.
  4513 | D:5      | Reached skill level 5 in Spellcasting
  4557 | D:5      | Reached skill level 1 in Fighting
  4715 | D:5      | Reached skill level 1 in Short Blades
  4718 | D:5      | Reached skill level 1 in Armour
  4723 | D:5      | Mangled by a wight

Illustrated notes

Levels and vault maps discovered:
D:1:      amcnicky_arrival_blooded_trapdoor, layout_rooms, serial_glass,
          glass_columns_a, glass_columns_b, glass_columns_c, glass_columns_b,
          glass_columns_b, glass_columns_b, glass_columns_a, glass_columns_a,
          glass_columns_a, glass_columns_a
D:2:      layout_rooms, minmay_misc_feat_cross, minmay_pentomino_pile
D:3:      layout_basic, lemuel_doored_altar,
          hellmonk_ecumenical_altar_slurped_away, minmay_cupped
D:4:      layout_gridville, mainiacjoe_overflow_cross_hatched, st_stairs_2
D:5:      layout_basic, minmay_temple_entry_offerings

Skill      XL: |  1  2  3  4  5  6  7 |
---------------+----------------------+-----
Stealth        | 2 |  2.9
Dodging        | 2 |  2.4
Conjurations   | 5 6 |  6.9
Spellcasting   | 3 4 5 |  5.4
Fighting       | 1 |  1.4
Short Blades   | 1 |  1.2
Armour         | 1 |  1.0
Shields        | |  0.9

Action                     |  1- 3 |  4- 6 |  7- 9 || total
---------------------------+-------+-------+-------++-------
  Melee: Unarmed           |     1 |       |       ||     1
         Rapier            |       |     9 |       ||     9
         Short sword       |       |       |    31 ||    31
   Cast: Magic Dart        |    73 |   146 |    10 ||   229
    Use: Potion            |       |     1 |       ||     1
 Armour: Robe              |     2 |     3 |       ||     5
         Chain mail        |       |       |    14 ||    14
  Dodge: Dodged            |     3 |    14 |     1 ||    18
  Block: Kite shield       |       |       |    25 ||    25

Table legend: (Time is in decaauts)
 A = Elapsed time spent in this place.
 B = Non-inter-level travel time spent in this place.
 C = Inter-level travel time spent in this place.
 D = Time resting spent in this place.
 E = Time spent auto-exploring this place.
 F = Levels seen in this place.
 G = Mean time per level.
                   A        B        C        D        E       F      G
               +--------+--------+--------+--------+--------+-----+--------+
         Total |   4731 |   4600 |    131 |    108 |   3883 |   5 |  946.2 |
       Dungeon |   4731 |   4600 |    131 |    108 |   3883 |   5 |  946.2 |
               +--------+--------+--------+--------+--------+-----+--------+

Top non-repeatable levels by time:
     D:4: 1330 daAuts
     D:2: 1188 daAuts
     D:3: 1037 daAuts
     D:1: 883 daAuts
     D:5: 291 daAuts
